 Dungeon Crawl Stone Soup version 0.29-a0-676-ga64570c9d2 (webtiles) character file.

Game seed: 10086611829964998026

0 blackman the Sneak (level 1, -1/18 HPs)
             Began as a Human Delver on June 25, 2022.
             Slain by an orc
             ... wielding a +0 club
              (2 damage)
             ... on level 5 of the Dungeon.
             The game lasted 00:00:28 (19 turns).

blackman the Sneak (Human Delver)                     Turns: 19, Time: 00:00:29

Health: -1/18      AC:  3    Str: 12    XL:     1   Next: 0%
Magic:  1/1        EV: 12    Int: 10    God:
Gold:   0          SH:  0    Dex: 14    Spells: 0/0 levels left

rFire   . . .      SeeInvis .   a - +0 spear
rCold   . . .      Faith    .   (no shield)
rNeg    . . .      Spirit   .   b - +0 leather armour
rPois   .          Reflect  .   (no helmet)
rElec   .          Harm     .   (no cloak)
rCorr   .          Rampage  .   (no gloves)
Will    .....                   (no boots)
Stlth   +++.......              (no amulet)
HPRegen 0.06/turn               (no ring)
MPRegen 0.07/turn               (no ring)

@: hasted, very quick
A: no striking features
a: no special abilities


You were on level 5 of the Dungeon.
You visited 1 branch of the dungeon, and saw 1 of its levels.

Inventory:

Hand Weapons
 a - a +0 spear (weapon)
Armour
 b - a +0 leather armour (worn)
Wands
 g - a wand of digging (3)
Scrolls
 c - a scroll of fog
 e - a scroll of fear


   Skills:
 - Level 3.0 Fighting
 * Level 0.0(1.1) Axes
 - Level 2.0 Polearms
 - Level 2.0 Dodging
 - Level 5.0 Stealth


You couldn't memorise any spells.
You didn't know any spells.
Your spell library was empty.

Dungeon Overview and Level Annotations

Branches:
Dungeon (5/15)
 Temple: D:4-7

Altars:


Message History

Welcome, blackman the Human Delver.
You feel drawn to the Orb of Zot, downwards into the unfathomable depths...
Press ? for a list of commands and other information.
Found 5 gold pieces.
Found a stone staircase leading down.
As you read the scroll of magic mapping, it crumbles to dust.
You feel aware of your surroundings.
You sensed 1 shop/portal.
Found a rapier and a gilded ring.
Found a stone staircase leading down.
An orc comes into view. It is wielding a +0 club.
Found a stone staircase leading up.
An orc and an orc priest come into view.
The orc priest shouts!
You reach to attack!
The orc shouts!
You hit the orc.
The orc is lightly wounded.
You closely miss the orc.
The orc is lightly wounded.
The orc misses you.
You hit the orc but do no damage.
The orc is lightly wounded.
The orc hits you with a +0 club.
You feel yourself speed up. The orc closely misses you.
The orc barely misses you. The orc hits you with a +0 flail!
The orc priest hits you with a +0 flail!
* * * LOW HITPOINT WARNING * * *
You hit the orc.
The orc is severely wounded.
You hit the orc.
You kill the orc!
The orc hits you with a +0 club.
You die...

,,,,...##.....##### *,*
,,>,,......$#.#### *,*
,,,,,............# *,*
,,,,.........###.# *,*
*,,,##.......,##.#####
*,*
,,,**.....##..#......#
*,*
*,***..#..*#..#......#
*,*
*,***,,#.,,#....o....##
*,*
,,,,,,,.,...#...@....<#
*,*
,,,,,,,,,.,.###>)o....#*
*,***** ,,,,,,,,,,,,*
#........# **,**,,,
,,*,,,,,,,,,*
#......#.#**,,,,,**
***,,,,,,,,,*
#......#..,,*,,**,,
*,,,,,,,,,**
#......#*,,,,***,,,
*,,,,,,,,,*
########*,,,,,∩,,,,
*,,,,,,,,,* **,,,***,,,
*,,,,,,,,,* *,,*,,**,,


You could see an orc priest and an orc.

Vanquished Creatures
  An orc (D:5)
1 creature vanquished.

Notes
Turn   | Place    | Note
-------+----------+-------------------------------------------
     0 | D:5      | blackman the Human Delver began the quest for the Orb.
     0 | D:5      | Reached XP level 1. HP: 18/18 MP: 1/1
    10 | D:5      | Noticed an orc priest
    19 | D:5      | Slain by an orc

Illustrated notes

Levels and vault maps discovered:
D:5:      layout_rooms, nicolae_shop_sticking_my_neck_out

Action                   || total
-------------------------++-------
Melee: Spear             ||     5
  Use: Scroll            ||     1
       Potion            ||     1
Dodge: Dodged            ||     3

Table legend: (Time is in decaauts)
 A = Elapsed time spent in this place.
 B = Non-inter-level travel time spent in this place.
 C = Inter-level travel time spent in this place.
 D = Time resting spent in this place.
 E = Time spent auto-exploring this place.
 F = Levels seen in this place.
 G = Mean time per level.
                   A        B        C        D        E       F      G
               +--------+--------+--------+--------+--------+-----+--------+
         Total |     17 |     10 |      7 |      0 |      0 |   1 |   17.0 |
       Dungeon |     17 |     10 |      7 |      0 |      0 |   1 |   17.0 |
               +--------+--------+--------+--------+--------+-----+--------+

Top non-repeatable levels by time:
     D:5: 17 daAuts
